 Dungeon Crawl Stone Soup version 0.30-a0-1043-g60ff8d5f49 (webtiles) character file.

Game seed: 16724890909471359576

73 ytrimaz the Insei (level 3, -1/27 HPs)
             Began as a Demigod Transmuter on Apr 10, 2023.
             Splashed by a jelly's acid (11 damage)
             ... on level 3 of the Dungeon.
             The game lasted 00:02:24 (1281 turns).

ytrimaz the Insei (Demigod Transmuter)              Turns: 1281, Time: 00:02:24

Health: -1/27      AC: -14   Str: 11    XL:     3   Next: 83%
Magic:  18/18      EV: 12    Int: 19    God:
Gold:   50         SH:  0    Dex: 20    Spells: 4/7 levels left

rFire   . . .      SeeInvis .      - Unarmed
rCold   . . .      Faith    .    (no shield)
rNeg    . . .      Spirit   .    a - +0 robe
rPois   .          Reflect  .    (helmet currently unavailable)
rElec   .          Rampage  .    (no cloak)
rCorr   .                        (no gloves)
Will    .....                    (boots currently unavailable)
Stlth   ++                       (no amulet)
HPRegen 0.24/turn                e - +6 ring of dexterity
MPRegen 0.16/turn                j - ring of magical power

@: appendages, wereblooded, corroded
A: horns 2, talons 2, high MP 1, forlorn, divine attributes
a: End Transformation


You were on level 3 of the Dungeon.
You had temporarily grown beastly horns and talons.
You visited 1 branch of the dungeon, and saw 3 of its levels.

You collected 116 gold pieces.
You spent 66 gold pieces at shops.


Innate Abilities, Weirdness & Mutations

You have temporarily grown beastly horns and talons.
You have an increased reservoir of magic. (+10% MP)
You shall have no god before yourself.
Your divine heritage dramatically boosts your attributes as you level up.


   Skills:
 - Level 0.8 Fighting
 - Level 1.7 Dodging
 - Level 3.0 Unarmed Combat
 + Level 2.7 Spellcasting
 + Level 2.9 Transmutations


You had 4 spell levels left.
You knew the following spells:

 Your Spells              Type           Power      Damage    Failure   Level
a - Beastly Appendage     Tmut           26%        N/A       4%          1
b - Wereblood             Tmut           13%        N/A       7%          2

Your spell library contained the following spells:

 Spells                   Type           Power      Damage    Failure   Level
 Summon Small Mammal      Summ           8%         N/A       16%         1
 Spider Form              Tmut/Pois      8%         N/A       26%         3
 Call Canine Familiar     Summ           2%         N/A       43%         3
 Summon Guardian Golem    Hex/Summ       2%         N/A       43%         3
 Ice Form                 Ice/Tmut       8%         N/A       63%         4

Inventory:

Armour
 a - a +0 robe (worn)
Jewellery
 e - a +6 ring of dexterity (left hand)
   (You found it on level 1 of the Dungeon)
 j - a ring of magical power (right hand)
   (You found it on level 1 of the Dungeon)
Scrolls
 d - a scroll of enchant weapon
Potions
 b - a potion of mutation
 c - a potion of flight
 f - a potion of cancellation
 g - a potion of attraction
 h - 2 potions of haste

Dungeon Overview and Level Annotations

Branches:
Dungeon (3/15) Zot: 16725

Shops:
D:3

* #........##
#.........# #.........#
#.........# #.........#
##.######## #.# ###
##)# #######.##J.JJ.[#
#..###..(.#.#@#...Pรท.#
#..##.....#.#J#.J.รท..#
#..'..)...#'#.#.P..P.#
#..'........#J#.รทJ.J.#
##.'........#.#...PP.#
#.##.......#.#...Jรท.#
#####..^...##'.JP..P#
##########......#
#######


You could see a jelly and an endoplasm.


Message History

Unknown command.
Things that are here:
a +0 short sword; a kobold corpse; ๐Ÿ˜• MP[+1]
Your mp is fully restored (18).
No target in view!
Your transformation is almost over.
You see here 3 stones.
Key pressed, stopping explore.
m - 2 scrolls of identify (gained 1)
Your horns disappear.
Your talons disappear.
There is an open door here.
A kobold comes into view. It is wielding a +0 short sword.
The kobold shouts! ๐Ÿ˜Ž HP[+4]
Your hp is fully restored (27).
A kobold is nearby!
As you read the scroll of identify, it crumbles to dust.
g - a potion of attraction
As you read the scroll of identify, it crumbles to dust.
i - a potion of heal wounds You hit the kobold.
The kobold hits you with a +0 short sword. ๐Ÿ˜• HP[-1]
You take 1 damage, and now have 26/27 hp.
You hit the kobold.
You kill the kobold!
You see here a +0 short sword.
Unknown command.
No target in view!
You open the door.
A jelly comes into view. ๐Ÿ˜Ž HP[+1]
Your hp is fully restored (27).
A jelly is nearby!
A jelly is nearby!
A jelly and 7 endoplasms come into view.
There is an open door here.
Unknown command.
Unknown command.
Okay, then.
You grow a pair of large bovine horns.
Your feet morph into talons. ๐Ÿ˜Ž MP[-1]
You lost 1 mp, and now have 17/18 mp.
Casting: Beastly Appendage (safe; 5% risk of failure)
Confirm with . or Enter, or press ? or * to list all spells.
Your blood is infused with primal strength. ๐Ÿ˜Ž MP[-2]
You lost 2 mp, and now have 15/18 mp.
Unknown command.
You hit the jelly.
Your hands burn!
You claw the jelly.
The jelly barely misses you. ๐Ÿ˜• HP[-4]
You take 4 damage, and now have 23/27 hp.
You hit the jelly.
Your hands burn!
Your kick misses the jelly. You headbutt the jelly. The jelly hits you.
You are splashed with acid!
* * * LOW HITPOINT WARNING * * *
๐Ÿ˜จ HP[-16]
You take 16 damage, and now have 7/27 hp.
MASSIVE DAMAGE!! (PAUSE)
You hit the jelly but do no damage. The acid corrodes you!
Your hands burn!
* * * LOW HITPOINT WARNING * * *
The jelly barely misses you.
You hit the jelly.
Your hands burn!
* * * LOW HITPOINT WARNING * * *
You claw the jelly.
You feel a bit better.
You kill the jelly!
You howl as the wereblood boils in your veins! ๐Ÿ˜ฑ HP[-1] MP[+1]
You take 1 damage, and now have 6/27 hp.
Unknown command.
You feel much better.
You howl as the wereblood boils in your veins!
The jelly hits you.
You are splashed with acid. ๐Ÿ˜ฎ HP[+13]
You regained 13 hp, and now have 19/27 hp.
It was a potion of ambrosia.
You are confused.
You feel invigorated.
The jelly closely misses you. ๐Ÿ˜• HP[+4] MP[+2]
You regained 4 hp, and now have 23/27 hp.
Your mp is fully restored (18).
Unknown command.
You bump into the rock wall.
The jelly hits you. The acid corrodes you!
You are splashed with acid! ๐Ÿ˜ฎ HP[-8]
You take 8 damage, and now have 15/27 hp.
MASSIVE DAMAGE!! (PAUSE) It was a potion of curing.
You feel better.
You feel less invigorated. The jelly hits you. The acid corrodes you!
You are splashed with acid!
* * * LOW HITPOINT WARNING * * *
๐Ÿ˜จ HP[-3]
You take 3 damage, and now have 12/27 hp.
Unknown command.
Okay, then.
You see here a +0 short sword. ๐Ÿ˜จ HP[+1]
The jelly attacks as you move away! The jelly hits you.
* * * LOW HITPOINT WARNING * * *
The acid corrodes you!
You are splashed with acid!
You die...

Skill      XL: |  1  2 |
---------------+-------+-----
Transmutations | 2 |  2.9
Spellcasting   | 2 |  2.7
Unarmed Combat | 3 |  3.0
Fighting       | |  0.8
Dodging        | |  1.7

Action                     || total
---------------------------++-------
  Melee: Unarmed           ||    86
         Headbutt          ||     8
         Kick              ||    19
   Cast: Beastly Appendage ||    18
         Wereblood         ||     2
    Use: Scroll            ||     8
         Potion            ||     4
   Stab: Sleeping          ||     3
 Armour: Robe              ||    13
         Skin              ||     6
  Dodge: Dodged            ||    56

Levels and vault maps discovered:
D:1:      scummos_arrival_star, layout_rooms, minivault_24,
          minmay_split_cup_large
D:2:      layout_basic, serial_shops, shop_statue
D:3:      cheibrodos_fertilizer, layout_basic, gammafunk_temple_overflow_statue,
          serial_shops, nicolae_shop_overgrown_old_shop,
          hangedman_decor_slide_cut, nicolae_nh_oracle_at_delphi

Notes
Turn   | Place    | Note
-------+----------+-------------------------------------------
     0 | D:1      | ytrimaz the Demigod Transmuter began the quest for the Orb.
     0 | D:1      | Reached XP level 1. HP: 15/15 MP: 5/5
     0 | D:1      | magus.rc [v1.9.6]
   149 | D:1      | You pick up a book of Callings and begin reading...
   149 | D:1      | You add the spells Summon Small Mammal, Call Canine
                  | Familiar and Summon Guardian Golem to your library.
   187 | D:1      | Reached skill level 2 in Transmutations
   188 | D:1      | Reached skill level 2 in Spellcasting
   448 | D:1      | Reached XP level 2. HP: 17/22 MP: 5/7
   559 | D:1      | Reached skill level 3 in Unarmed Combat
   744 | D:2      | Learned a level 2 spell: Wereblood
   895 | D:2      | HP: 5/22 [ufetubus (4)]
   900 | D:2      | HP: 7/33 [ufetubus (1)]
  1012 | D:2      | You fall into a shaft and drop 1 floor!
  1040 | D:3      | Found Asiejemn's Assorted Antiques.
  1051 | D:3      | Bought a puce potion for 20 gold pieces
  1051 | D:3      | Bought a scroll of identify for 46 gold pieces
  1140 | D:3      | Reached XP level 3. HP: 27/27 MP: 9/9
  1272 | D:3      | HP: 6/27 [acid (1)]
  1281 | D:3      | Splashed by a jelly's acid

Vanquished Creatures
  A jelly (D:3)
  An ufetubus (D:2)
  A worm (D:3)
  4 endoplasms
  A giant cockroach (D:1)
  A goblin (D:1)
  3 hobgoblins (D:1)
  3 ball pythons (D:1)
  3 bats
  A frilled lizard (D:1)
  11 kobolds
  4 rats
34 creatures vanquished.

Vanquished Creatures (others)
  11 toadstools (D:3)
11 creatures vanquished.

Grand Total: 45 creatures vanquished

Table legend:
 A = Non-vault XP
 B = Vault XP
 C = Vault XP percentage of total XP
 D = Non-vault monster count
 E = Vault monster count
 F = Vault count percentage of total count
                 A         B        C        D         E       F
            +---------+---------+-------+---------+---------+-------
      Total |      46 |      59 |  56.2 |      22 |      12 |  35.3
            +---------+---------+-------+---------+---------+-------
        D:1 |      22 |       6 |  21.4 |      13 |       4 |  23.5
        D:2 |      11 |       0 |   0.0 |       3 |       0 |   0.0
        D:3 |      13 |      53 |  80.3 |       6 |       8 |  57.1
            +---------+---------+-------+---------+---------+-------

Illustrated notes

Table legend:
 A = Kills in this place as a percentage of kills in the entire game.
 B = Kills by you in this place as a percentage of kills by you in the entire game.
 C = Kills by friends in this place as a percentage of kills by friends in the entire game.
 D = Other kills in this place as a percentage of other kills in the entire game.
 E = Experience gained in this place as a percentage of experience gained in the entire game.
 F = Experience gained in this place divided by the number of levels of this place that you have seen.
                   A       B       C       D       E      F
               +-------+-------+-------+-------+-------+----------------------
         Total | 100.0 | 100.0 |   N/A |   N/A | 100.0 |  35.0
       Dungeon | 100.0 | 100.0 |   N/A |   N/A | 100.0 |  35.0
               +-------+-------+-------+-------+-------+----------------------

Table legend: (Time is in decaauts)
 A = Elapsed time spent in this place.
 B = Non-inter-level travel time spent in this place.
 C = Inter-level travel time spent in this place.
 D = Time resting spent in this place.
 E = Time spent auto-exploring this place.
 F = Levels seen in this place.
 G = Mean time per level.
                   A        B        C        D        E       F      G
               +--------+--------+--------+--------+--------+-----+--------+
         Total |   1274 |   1261 |     13 |      0 |    993 |   3 |  424.7 |
       Dungeon |   1274 |   1261 |     13 |      0 |    993 |   3 |  424.7 |
               +--------+--------+--------+--------+--------+-----+--------+

Top non-repeatable levels by time:
     D:1: 737 daAuts
     D:2: 271 daAuts
     D:3: 266 daAuts
